 Dungeon Crawl Stone Soup version 0.27-a0-1090-gb115f176c6 (webtiles) character file.

Game seed: 12730700529665845743

70 scammafunk the Magician (level 4, -6/31 HPs)
             Began as a Djinni Ice Elementalist on Apr 27, 2021.
             Was a Follower of Qazlal.
             Mangled by a worm (10 damage)
             ... on level 2 of the Dungeon.
             The game lasted 00:06:26 (2331 turns).

scammafunk the Magician (Djinni Ice Elementalist)   Turns: 2331, Time: 00:06:26

Health: -6/31      AC:  3    Str:  7    XL:     4   Next: 21%
Gold:   80         EV: 13    Int: 17    God:    Qazlal [*.....] SH:  2 Dex: 20

rFire    + + .     SeeInvis .   g - +0 dagger
rCold    x . .     Faith    .   (no shield)
rNeg     . . .     Spirit   .   a - +0 robe
rPois    ∞         Reflect  .   i - +0 helmet
rElec    .         Harm     .   (no cloak)
rCorr    .         Rampage  .   (no gloves)
Will     +....                  (boots unavailable)
Stlth    ++........             (no amulet)
HPRegen  0.10/turn              b - ring of willpower
MPRegen  0.00/turn              l - +6 ring of dexterity

@: flying
A: fire resistance 2, cold vulnerability 1, float, innate caster, hp casting,
extra vitality 1
a: Renounce Religion


You were on level 2 of the Dungeon.
You worshipped Qazlal.
Qazlal was aware of your devotion.
You visited 1 branch of the dungeon, and saw 2 of its levels.

You collected 80 gold pieces.

Inventory:

Hand Weapons
 g - a +0 dagger (weapon)
Missiles
 f - 50 stones
Armour
 a - a +0 robe (worn)
 i - a +0 helmet (worn)
Jewellery
 b - a ring of willpower (left hand)
 l - a +6 ring of dexterity (right hand)
Scrolls
 d - a scroll of identify
 j - 3 scrolls of fear
Potions
 c - a potion of resistance {unknown}
 e - a potion of berserk rage
 h - a potion of curing {unknown}


   Skills:
 + Level 3.2 Dodging
 - Level 1.5 Stealth
 * Level 4.5 Spellcasting


You couldn't memorise any spells.
You knew the following spells:

 Your Spells              Type           Power      Damage    Failure   Level
a - Freeze                Ice            76%        1d9       2%          1
b - Frozen Ramparts       Ice            38%        1d5       7%          3
c - Ozocubu's Armour      Ice            19%        N/A       7%          3
d - Hailstorm             Conj/Ice       19%        3d6       22%         4
e - Metabolic Englaciati  Hex/Ice        9%         N/A       54%         5
f - Summon Small Mammal   Summ           76%        N/A       2%          1
Your spell library was empty.

Dungeon Overview and Level Annotations

Branches:
Dungeon (2/15)

Altars:
Qazlal


Innate Abilities, Weirdness & Mutations

You are immune to poison.
Your flesh is very heat resistant. (rF++)
You are vulnerable to cold. (rC-)
You float through the air rather than walking.
You learn spells naturally, not from books.
Your magical power is your life essence.
You have superior vitality. (+4 HP)


Message History

The gnoll hits you with a +0 flail!
You are too injured to fight recklessly!
Casting: Freeze (safe; 2% risk of failure)
Confirm with . or Enter, or press ? or * to list all spells.
Aiming: Freeze (safe; 2% risk of failure)
Press: ? - help, Shift-Dir - straight line, f/p - gnoll
Aim: a gnoll, wielding a +0 flail (almost dead)
You freeze the gnoll.
You kill the gnoll!
Qazlal accepts your kill.
Casting: Freeze (safe; 2% risk of failure)
Confirm with . or Enter, or press ? or * to list all spells.
Aiming: Freeze (safe; 2% risk of failure)
Press: ? - help, Shift-Dir - straight line, f - worm
Aim: a worm You freeze the worm.
The worm is moderately wounded.
* * * LOW HITPOINT WARNING * * *
The worm bites you.
* * * LOW HITPOINT WARNING * * *
Casting: Freeze (safe; 2% risk of failure)
Confirm with . or Enter, or press ? or * to list all spells.
Aiming: Freeze (safe; 2% risk of failure)
Press: ? - help, Shift-Dir - straight line, f/p - worm
Aim: a worm (moderately wounded)
You freeze the worm!
The worm is heavily wounded.
* * * LOW HITPOINT WARNING * * *
Casting: Freeze (safe; 2% risk of failure)
Confirm with . or Enter, or press ? or * to list all spells.
Aiming: Freeze (safe; 2% risk of failure)
Press: ? - help, Shift-Dir - straight line, f/p - worm
Aim: a worm (heavily wounded)
You freeze the worm!
The worm is almost dead.
* * * LOW HITPOINT WARNING * * *
You hear a bark!
A jackal comes into view.
The worm bites you!
You die...

##....'........# *,*,,,*,,,,**
<#..###....###.# *,*,*,****,*
.#..<#.........# *,*,*>,,,*,**
##...#......##.# *,,,*,,,,*,,,
.....#.####.#####*********#######
###..#.# #...'..#,,*,,*,,##.'..#.
....##.# #...##.##,**,,,##..##...
....##.# ##...#..#,,*,,##....#..#
....##.# #...##@#*,,,##.....##..
.#####.# *##...#rw#,,##.......#†.
## #.# *,#...##..h##........##. #
#.# *,##...#..##......#...#. ##
#.# *,,#...####......##...## .#
#.# **,##...##......####...# .#
#.# *,,,#...#......##,,#...# .###
#.# *,*,##........##,,,##... ...#
#.# ***,,#.......##,,*,,#...


You could see a worm, a jackal and a rat.

Vanquished Creatures
  A gnoll (D:2)
  An adder (D:2)
  2 ball pythons (D:2)
  4 bats
  5 endoplasms
  A giant cockroach (D:2)
  6 goblins
  5 hobgoblins
  7 jackals
  3 quokkas (D:1)
  A frilled lizard (D:1)
  4 kobolds (D:1)
  2 rats (D:1)
42 creatures vanquished.

Notes
Turn   | Place    | Note
-------+----------+-------------------------------------------
     0 | D:1      | scammafunk the Djinni Ice Elementalist began the quest for
                  | the Orb.
     0 | D:1      | Reached XP level 1. HP: 15/15 MP: 0/0
   420 | D:1      | Reached XP level 2. HP: 19/21 MP: 0/0
   635 | D:1      | Reached skill level 4 in Spellcasting
   903 | D:1      | Reached XP level 3. HP: 19/25 MP: 0/0
   903 | D:1      | Learned a level 1 spell: Summon Small Mammal
  1879 | D:2      | Found a faded altar of an unknown god.
  1884 | D:2      | Became a worshipper of Qazlal Stormbringer
  1884 | D:2      | Reached * piety under Qazlal
  2079 | D:2      | Reached XP level 4. HP: 15/31 MP: 0/0
  2331 | D:2      | Mangled by a worm

Illustrated notes

Levels and vault maps discovered:
D:1:      sevenhm_arrival_forest_fort_large_2, layout_loops_corners
D:2:      minmay_razor_zed, layout_basic, ebering_ecumenical_altar_mist

Skill      XL: |  1  2  3 |
---------------+----------+-----
Spellcasting   | 4 |  4.5
Dodging        | 3 |  3.2
Stealth        | |  1.5

Action                   |  1- 3 |  4- 6 || total
-------------------------+-------+-------++-------
Melee: Mace              |     8 |       ||     8
       Dagger            |     7 |       ||     7
 Cast: Freeze            |    54 |     7 ||    61
  Use: Scroll            |     3 |       ||     3
       Potion            |     1 |       ||     1
 Stab: Sleeping          |     3 |       ||     3
Armor: Robe              |    11 |       ||    11
Dodge: Dodged            |    37 |       ||    37

Table legend: (Time is in decaauts)
 A = Elapsed time spent in this place.
 B = Non-inter-level travel time spent in this place.
 C = Inter-level travel time spent in this place.
 D = Time resting spent in this place.
 E = Time spent auto-exploring this place.
 F = Levels seen in this place.
 G = Mean time per level.
                   A        B        C        D        E       F      G
               +--------+--------+--------+--------+--------+-----+--------+
         Total |   2344 |   2271 |     73 |    386 |   1578 |   2 | 1172.0 |
       Dungeon |   2344 |   2271 |     73 |    386 |   1578 |   2 | 1172.0 |
               +--------+--------+--------+--------+--------+-----+--------+

Top non-repeatable levels by time:
     D:1: 1568 daAuts
     D:2: 776 daAuts
